Map: Lost Temple

Players

couchman

  • Race: Terran Terran
  • Spawn Location: 3:00

HORSES - Winner!

  • Race: Zerg Zerg
  • Spawn Location: 12:00

Devley

  • Race: Terran Terran
  • Spawn Location: 6:00

Ecronoss - Winner!

  • Race: Protoss Protoss
  • Spawn Location: 9:00

VOD

Have the link to the VOD?

Description

Time

  • Played on: Dec. 10, 2021, 11:32 p.m.
  • Length: 21:26
Show
View Real Time Build Order
Export as new Build Order

couchman Terran 

Build Orders: Command Center First (CC) 

Get SALT Encoding   

  12  0:01  SCV  
  13  0:15  SCV  
  13  0:19  Supply Depot  
  14  0:27  SCV  
  15  0:41  SCV  
  16  0:53  SCV  
  17  1:08  Command Center  
  17  1:10  SCV  
  18  1:19  Supply Depot  
  18  1:22  SCV  
  19  1:37  Refinery  
  19  1:46  Barracks  
  19  1:49  SCV  
  20  2:01  SCV  
  21  2:10  Barracks  
  21  2:18  SCV  
  22  2:33  Barracks Tech Lab  
  22  2:34  Barracks  
  22  2:41  SCV  
  22  2:42  SCV  
  24  2:48  Refinery  
  24  2:53  SCV  
  24  2:54  SCV  
  26  2:59  Barracks  
  26  3:00  Marine  
  26  3:05  SCV  
  28  3:06  SCV  
  28  3:10  Combat Shield  
  29  3:15  Barracks Reactor  
  29  3:17  SCV  
  29  3:18  Marine, SCV  
  32  3:28  Barracks Reactor  
  32  3:29  SCV  
  32  3:30  SCV  
  34  3:36  Marine  
  35  3:41  SCV  
  35  3:43  SCV, Refinery  
  37  3:49  Barracks Reactor  
  37  3:52  Marine x2  
  37  3:53  Marine, SCV  
  41  4:05  SCV  
  42  4:10  Marine x2  
  42  4:11  Marine  
  45  4:18  Command Center  
  45  4:26  Marine  
  45  4:29  Stimpack  
  46  4:42  Engineering Bay  
  46  4:51  Supply Depot  
  46  5:12  Marine x5, SCV  
  52  5:16  Supply Depot  
  52  5:17  SCV  
  53  5:24  SCV  
  54  5:29  Marine x2  
  54  5:30  Marine x2, SCV  
  59  5:37  SCV  
  59  5:40  Supply Depot  
  59  5:42  SCV  
  61  5:54  SCV  
  62  6:03  Supply Depot  
  54  6:17  Marine  
  54  6:18  Marine x6  
  59  6:26  Supply Depot  
  59  6:29  Refinery  
  59  6:35  Marine x4  
  59  6:36  Marine x3  
  59  6:38  Orbital Command  
  66  6:51  Supply Depot  
  66  6:53  Marine x4  
  70  7:01  Terran Infantry Weapons Level 1  
  70  7:11  Supply Depot  
  70  7:14  Supply Depot  
  70  7:21  Marine x2  
  70  7:22  Marine x4  
  76  7:23  Marine  
  77  7:35  Supply Depot  
  77  7:39  Marine x3  
  80  7:59  Factory  
  80  8:14  Ghost Academy  
  80  8:15  SCV  
  81  8:28  Marine x2, SCV  
  81  8:29  Marine x5  
  89  8:40  SCV  
  90  8:46  Marine x2, Starport  
  92  8:52  SCV  
  92  8:54  Factory Tech Lab  
  92  8:55  Terran Infantry Armor Level 1  
  92  9:04  SCV  
  67  9:25  Marine x2  
  67  9:26  Marine x5  
  67  9:31  Siege Tank  
  58  9:34  Personal Cloaking  
  58  9:43  Marine x3  
  58  9:44  Marine x4  
  65  9:47  Liberator  
  53  10:01  Marine x3  
  53  10:03  Siege Tank  
  58  10:12  Marine x3  
  58  10:13  Marine  
  54  10:19  Marine x3  
  46  10:29  Liberator  
  46  10:30  Marine x4  
  46  10:35  Siege Tank  
  50  10:37  Marine x3  
  46  10:49  Neosteel Armor  
  31  11:07  Siege Tank  
  28  11:13  Orbital Command  
  12  12:27  SCV  
  13  12:31  Barracks Reactor  
  13  12:32  Barracks Reactor  
  13  12:33  Barracks Reactor x2  
  13  12:35  SCV  
  15  12:47  SCV  
  15  12:59  SCV  
  16  13:11  SCV  
  17  13:19  Marine x6  
  21  13:20  Marine  
  24  13:40  Supply Depot  
  24  13:45  Supply Depot  
  24  14:03  Supply Depot  
  24  14:06  Marine x2  
  24  14:07  Marine x4, Supply Depot, SCV  
  25  14:35  SCV  
  26  14:43  Marine x6  
  26  14:44  Marine x2  
  34  14:47  SCV  
  35  14:59  Supply Depot, SCV  
  36  15:00  Marine  
  37  15:11  SCV  
  38  15:14  Supply Depot  
  38  15:23  SCV  
  38  15:24  Supply Depot  
  39  15:30  Factory  
  39  15:33  Marine  
  39  15:34  Marine x3  
  43  15:36  Marine  
  43  15:37  Marine x3  
  47  15:43  SCV  
  48  15:51  Marine x2  
  50  16:10  Engineering Bay  
  50  16:22  Starport  
  50  16:26  Orbital Command  
  50  16:46  Command Center  
  21  17:22  Marine x2  
  20  17:23  Marine x5  
  25  17:41  Viking  
  22  17:53  Marine  
  22  17:54  Marine x5  
  27  18:01  SCV  
  27  18:05  Refinery  
  28  18:11  Marine x2, Viking  
  28  18:12  Marine  
  35  18:13  Marine, SCV  
  30  18:25  SCV  
  26  18:37  SCV  
  26  18:41  Viking  
  26  18:45  Refinery  
  26  18:46  Refinery  
  28  19:11  Viking  
Show
View Real Time Build Order
Export as new Build Order

HORSES Zerg - Winner!

Build Orders: Pool First 

Get SALT Encoding   

  12  0:04  Drone  
  13  0:14  Overlord  
  13  0:45  Overlord  
  13  0:49  Drone x2  
  15  1:12  Drone x2  
  17  1:26  Spawning Pool  
  17  1:28  Drone  
  17  1:42  Drone x2  
  19  1:52  Overlord  
  19  2:02  Hatchery  
  19  2:06  Extractor  
  19  2:08  Drone  
  18  2:14  Queen  
  20  2:21  Drone  
  21  2:27  Extractor  
  21  2:29  Drone  
  21  2:41  Drone  
  22  2:50  Queen  
  22  2:51  Drone  
  25  2:58  Drone  
  26  3:06  Zergling x2  
  27  3:18  Drone  
  28  3:20  Queen  
  28  3:25  Queen  
  32  3:28  Drone x3  
  32  3:29  Drone  
  36  3:38  Drone  
  37  3:46  Drone x2  
  39  4:01  Queen  
  41  4:08  Zergling x2  
  41  4:09  Zergling x4  
  44  4:26  Overlord x2  
  44  4:27  Overlord  
  44  4:51  Zergling x6  
  47  4:55  Lair  
  47  4:57  Lair  
  47  5:06  Extractor  
  46  5:43  Drone x3  
  46  5:46  Overlord x2  
  46  5:49  Overlord  
  49  5:50  Overlord x2  
  49  5:53  Drone  
  50  6:08  Zergling x8  
  49  6:18  Queen  
  49  6:20  Queen  
  53  6:30  Roach Warren  
  53  6:31  Drone  
  53  6:35  Zergling x6  
  56  7:14  Glial Reconstitution  
  56  7:15  Evolution Chamber  
  55  7:17  Roach x4  
  55  7:20  Roach x3  
  58  8:06  Roach x2  
  58  8:07  Roach x3  
  68  8:21  Roach x6  
  68  8:25  Zerg Missile Weapons Level 1  
  56  9:25  Roach x6  
  56  9:28  Roach x5  
  56  9:29  Roach  
  84  9:31  Roach x3  
  86  9:53  Roach  
  84  10:19  Zerg Melee Weapons Level 1  
  84  10:38  Roach x4, Zergling x2  
  84  10:41  Overlord x2  
  91  10:48  Drone x3  
  92  11:49  Roach, Zergling x2  
  92  11:50  Roach x3  
  101  11:57  Roach x9  
  111  12:01  Overlord  
  111  12:04  Overlord  
  101  12:13  Zerg Ground Armor Level 1  
  97  12:43  Roach x4  
  97  12:44  Roach  
  107  12:46  Roach x5  
  90  13:07  Extractor  
  66  13:23  Roach x5  
  66  13:24  Roach  
  66  13:26  Roach x2  
  66  13:27  Roach x4  
  88  13:42  Drone  
  89  14:08  Infestation Pit  
  85  14:24  Queen  
  87  14:43  Drone x3  
  90  14:46  Zerg Melee Weapons Level 2  
  90  14:50  Pathogen Glands  
  90  14:52  Hive  
  90  15:00  Queen  
  92  15:26  Roach  
  92  15:27  Roach x2  
  98  15:36  Roach x4  
  98  15:37  Roach x5  
  116  15:46  Neural Parasite  
  116  15:56  Roach x3  
  122  16:04  Roach  
  122  16:05  Roach x4  
  132  16:13  Metabolic Boost  
  132  16:23  Hive  
  132  16:26  Overlord x3  
  132  16:35  Hatchery  
  129  17:01  Zerg Missile Weapons Level 2  
  59  17:53  Roach  
  59  17:54  Roach x2  
  63  17:59  Roach x4  
  63  18:00  Roach  
  73  18:38  Roach x4  
  81  18:41  Roach x2  
  81  18:42  Roach x4  
  81  18:47  Drone x2  
  81  18:48  Drone  
  94  20:10  Drone x3  
Show
View Real Time Build Order
Export as new Build Order

Devley Terran 

Build Orders:  

Get SALT Encoding   

  12  0:06  SCV  
  13  0:19  SCV  
  14  0:30  Refinery  
  14  0:31  SCV  
  15  0:57  Supply Depot  
  15  1:19  SCV  
  15  1:20  Supply Depot  
  16  1:31  SCV  
  17  1:35  Barracks  
  17  1:43  SCV  
  18  1:49  Engineering Bay  
  18  1:55  SCV  
  19  2:07  SCV  
  20  2:19  SCV, Command Center  
  21  2:28  Terran Infantry Weapons Level 1  
  21  2:31  SCV  
  22  2:43  SCV  
  23  2:55  Refinery  
  23  2:56  SCV  
  23  2:57  Marine  
  25  3:08  SCV  
  26  3:15  Marine  
  27  3:33  Marine  
  28  3:45  SCV  
  29  3:51  Marine  
  30  3:57  SCV  
  31  4:09  Marine, SCV  
  33  4:12  Bunker  
  33  4:22  Hi-Sec Auto Tracking, SCV  
  34  4:26  Marine  
  35  4:34  SCV  
  36  4:40  Supply Depot  
  36  4:44  Marine  
  37  4:46  SCV  
  37  4:51  Bunker  
  38  4:58  SCV  
  39  5:02  Marine  
  40  5:10  SCV  
  40  5:13  SCV  
  42  5:19  Terran Infantry Armor Level 1  
  42  5:20  Marine  
  43  5:22  SCV  
  43  5:25  SCV  
  45  5:34  SCV, Bunker  
  46  5:36  Bunker  
  46  5:37  SCV  
  46  5:38  Marine  
  48  5:47  SCV  
  48  5:49  SCV  
  50  5:56  Marine  
  51  5:59  SCV  
  51  6:02  SCV  
  53  6:07  Supply Depot  
  53  6:11  SCV  
  54  6:27  Sensor Tower  
  54  6:28  Marine, SCV  
  56  6:34  Missile Turret  
  56  6:53  Supply Depot  
  56  6:59  Factory  
  56  7:13  Neosteel Armor  
  56  7:16  Missile Turret  
  56  7:17  Missile Turret  
  56  7:38  Marine  
  56  7:55  Marine  
  57  8:06  Starport  
  57  8:12  Hellion  
  59  8:13  Marine  
  60  8:31  Marine  
  60  8:33  Hellion  
  63  8:42  Sensor Tower  
  63  8:54  Hellion  
  66  9:00  Barracks Tech Lab  
  65  9:16  Widow Mine  
  67  9:37  Widow Mine  
  69  9:46  Missile Turret  
  69  9:59  Supply Depot  
  69  10:26  Viking  
  71  10:31  Supply Depot  
  71  10:56  Viking  
  58  11:26  Viking  
  58  11:31  Hellion  
  62  11:33  Marauder  
  64  11:52  Hellion  
  66  11:55  Marauder, Viking  
  66  11:56  Supply Depot  
  70  12:13  Hellion  
  72  12:16  Marauder  
  74  12:25  Viking  
  76  12:35  Hellion  
  78  12:37  Marauder  
  78  12:39  Supply Depot  
  80  12:55  Viking  
  80  12:56  Hellion  
  78  12:59  Marauder  
  78  13:51  Liberator  
  79  14:04  Armory  
  79  14:27  Marauder  
  81  14:33  Liberator  
  84  14:44  Supply Depot  
  84  14:48  Marauder  
  86  15:03  Sensor Tower  
  86  15:09  Marauder  
  88  15:16  Liberator  
  91  15:30  Missile Turret  
  91  15:31  Marauder  
  91  15:35  Missile Turret  
  93  15:52  Marauder  
  95  15:59  Liberator  
  98  16:09  Bunker  
  98  16:14  Marauder  
  98  16:16  Bunker  
  100  16:35  Marauder  
  100  16:37  Bunker  
  102  16:48  Supply Depot  
  102  16:53  Supply Depot  
  102  16:58  Supply Depot  
  102  17:01  Supply Depot  
  102  17:04  Marauder, Supply Depot  
  102  17:05  Liberator  
  102  17:06  Supply Depot  
  98  17:25  Marauder  
  76  17:48  Liberator  
  1  20:35  Command Center  
Show
View Real Time Build Order
Export as new Build Order

Ecronoss Protoss - Winner!

Build Orders: Double Forge 

Get SALT Encoding   

  12  0:03  Probe  
  13  0:15  Probe  
  14  0:27  Probe  
  15  0:31  Pylon  
  15  0:38  Pylon  
  15  0:49  Probe  
  16  1:01  Probe  
  17  1:11  Pylon  
  17  1:15  Pylon  
  17  1:19  Pylon  
  17  1:20  Probe  
  17  1:22  Assimilator  
  18  1:33  Probe  
  18  1:39  Gateway  
  19  1:45  Probe  
  20  1:50  Forge  
  20  1:57  Probe, Forge  
  21  2:06  Gateway  
  21  2:09  Probe  
  22  2:21  Probe  
  23  2:28  Photon Cannon  
  23  2:33  Probe, Photon Cannon  
  24  2:40  Zealot  
  26  2:48  Probe  
  27  3:00  Probe  
  28  3:05  Zealot  
  28  3:07  Zealot  
  28  3:12  Probe  
  33  3:13  Protoss Ground Armor Level 1  
  33  3:24  Probe  
  34  3:27  Assimilator  
  34  3:33  Zealot  
  36  3:34  Zealot  
  38  3:57  Protoss Ground Weapons Level 1  
  38  3:58  Cybernetics Core  
  38  4:00  Zealot  
  40  4:13  Nexus  
  40  4:25  Pylon  
  40  4:29  Pylon  
  40  4:43  Robotics Facility  
  40  4:55  Photon Cannon  
  40  5:00  Photon Cannon  
  40  5:01  Photon Cannon  
  40  5:14  Pylon  
  40  5:20  Stargate  
  40  5:31  Probe  
  41  5:36  Probe  
  42  5:43  Probe  
  42  5:48  Probe  
  44  5:51  Stalker  
  44  5:55  Probe, Zealot  
  49  6:01  Probe  
  50  6:13  Probe  
  51  6:21  Stalker  
  51  6:23  Zealot  
  51  6:25  Probe  
  56  6:33  Assimilator  
  56  6:37  Probe  
  57  6:46  Observer  
  58  6:49  Probe  
  58  6:50  Zealot  
  58  6:51  Sentry  
  63  6:59  Probe  
  64  7:01  Probe  
  65  7:11  Probe  
  65  7:13  Probe  
  67  7:17  Zealot  
  67  7:18  Sentry  
  71  7:25  Probe  
  72  7:37  Probe  
  72  7:42  Twilight Council  
  73  7:44  Zealot  
  73  7:49  Probe  
  76  8:11  Zealot  
  78  8:15  Probe  
  79  8:27  Probe  
  80  8:38  Warp Prism  
  80  8:39  Probe  
  83  8:51  Probe  
  84  9:00  Cybernetics Core  
  84  9:03  Probe  
  85  9:13  Warp Prism  
  67  9:36  Void Ray  
  69  10:13  Void Ray  
  73  10:28  Nexus  
  73  10:32  Assimilator  
  73  10:37  Assimilator  
  73  10:50  Void Ray  
  77  11:27  Void Ray  
  81  11:43  Probe  
  82  11:48  Pylon  
  82  11:52  Pylon  
  82  11:54  Pylon  
  82  11:55  Probe  
  82  11:57  Pylon  
  83  12:04  Void Ray  
  83  12:05  Sentry  
  83  12:07  Sentry, Probe  
  88  12:10  Protoss Ground Weapons Level 2  
  88  12:12  Protoss Ground Armor Level 2  
  92  12:19  Probe  
  93  12:31  Sentry, Protoss Air Armor Level 1, Probe, Protoss Air Weapons Level 1  
  93  12:33  Sentry  
  98  12:57  Sentry  
  100  13:00  Sentry  
  102  13:24  Sentry  
  102  13:26  Sentry  
  106  13:48  Nexus  
  106  13:50  Sentry  
  106  13:52  Sentry  
  110  13:56  Probe  
  111  14:08  Probe  
  112  14:20  Probe  
  113  14:38  Void Ray  
  117  14:53  Stargate  
  117  14:59  Stargate  
  117  15:15  Void Ray  
  121  15:49  Void Ray  
  121  15:51  Void Ray  
  121  15:53  Void Ray  
  133  16:13  Pylon  
  133  16:16  Pylon  
  133  16:19  Pylon  
  133  16:20  Pylon  
  133  16:23  Pylon  
  133  16:26  Void Ray  
  133  16:27  Pylon  
  133  16:29  Pylon  
  133  16:30  Void Ray  
  137  16:34  Pylon  
  137  16:38  Assimilator  
  141  16:40  Assimilator  
  141  16:58  Void Ray  
  141  17:03  Void Ray  
  141  17:07  Void Ray  
  153  17:35  Void Ray  
  141  18:12  Void Ray  
Tags
 
Add a new tag
Caveats
  • Supply blocks, unpowered buildings, or Contaminate may cause inaccurate times.
  • Supply counts are checked every 10 seconds.